 Dungeon Crawl Stone Soup version 0.29.1-1-gd02db69 (webtiles) character file.

Game seed: 8886855449681147509

0 bonegar the Sneak (level 1, 15/15 HPs)
             Began as a Naga Enchanter on Apr 11, 2023.
             Got out of the dungeon alive.
             The game lasted 00:01:46 (141 turns).

bonegar the Sneak (Naga Enchanter)                   Turns: 141, Time: 00:01:48

Health: 15/15      AC:  1    Str: 10    XL:     1   Next: 10%
Magic:  3/3        EV:  9    Int: 15    God:
Gold:   0          SH:  0    Dex: 11    Spells: 4/4 levels left

rFire   . . .      SeeInvis +   a - +1 dagger
rCold   . . .      Faith    .   (no shield)
rNeg    . . .      Spirit   .   b - +0 robe
rPois   +          Reflect  .   (no helmet)
rElec   .          Harm     .   (no cloak)
rCorr   .          Rampage  .   (no gloves)
Will    .....                   (no barding)
Stlth   ++........              (no amulet)
HPRegen 0.05/turn               (no ring)
MPRegen 0.08/turn               (no ring)

@: very slow
A: AC +0, large, see invisible, deformed body, poison resistance, slowness 2,
spit poison 1, naga tail 1
a: Spit Poison


You escaped.
You visited 1 branch of the dungeon, and saw 1 of its levels.

Inventory:

Hand Weapons
 a - a +1 dagger (weapon)
Armour
 b - a +0 robe (worn)
Potions
 c - 2 potions of invisibility


   Skills:
 + Level 1.0 Short Blades
 + Level 1.5 Dodging
 + Level 4.4 Stealth
 + Level 2.0 Spellcasting
 + Level 3.0 Hexes


You had 4 spell levels left.
You didn't know any spells.
Your spell library contained the following spells:

 Spells                   Type           Power      Damage    Failure   Level
 Ensorcelled Hibernation  Hex/Ice        12%        N/A       19%         2
 Confusing Touch          Hex            10%        N/A       19%         3
 Tukima's Dance           Hex            10%        N/A       19%         3
 Dazzling Flash           Conj/Hex       12%        N/A       34%         3


Dungeon Overview and Level Annotations

Branches:
Dungeon (1/15)

Altars:


Innate Abilities, Weirdness & Mutations

Your serpentine skin is tough. (AC +0)
You have supernaturally acute eyesight. (SInv)
Armour fits poorly on your strangely shaped body.
Your system is resistant to poisons. (rPois)
You cover ground very slowly.
You can spit poison.
You have a snake-like lower body.


Message History

Why would you want to do that? Why would you want to do that?
Why would you want to do that?
You see here 7 stones.
You open the door.
There is an open door here.
Why would you want to do that? Why would you want to do that?
Why would you want to do that? Why would you want to do that?
Unknown command.
Welcome back, bonegar the Naga Enchanter.
Press ? for a list of commands and other information.
There is an open door here.
The kobold throws a stone.
The stone closely misses you.
The kobold throws a stone.
The stone hits you.
The kobold throws a stone.
The stone hits you but does no damage.
There is an open door here.
Found a scroll labelled GIXYER ZAOJIRCH.
There is a large open door here.
Why would you want to do that? Why would you want to do that?
Why would you want to do that? Why would you want to do that?
Why would you want to do that? Why would you want to do that?
Why would you want to do that? Why would you want to do that?
Why would you want to do that?
There is an open door here.
You see here a ball python corpse.
There is a large open door here.
There is a staircase leading out of the dungeon here.
You can't go down here!
Are you sure you want to leave the Dungeon?
This will make you lose the game!
Alright, then stay!
Are you sure you want to leave the Dungeon?
This will make you lose the game!
Uppercase [Y]es or [N]o only, please.
Are you sure you want to leave the Dungeon?
This will make you lose the game!
You have escaped!

~≈~~~~~≈~~≈~~~~≈~...
≈≈~≈≈≈~≈≈~≈≈≈≈≈≈~...
≈≈≈≈≈≈≈≈≈≈≈≈≈≈≈≈~...
#≈≈≈≈≈≈≈#'#'#≈≈~... ...~≈≈
##+###'##...'≈≈~... ....~≈≈
#.......#...'≈≈~....
....~≈≈#+###.#####.#'#'#≈~~....
....~≈≈≈≈'...#...#...#≈≈~~.....
....~≈≈≈≈#.###.@.'.⌠.+~≈~..⌠...
....~≈≈≈≈#.###...'.⌠.+≈~~..⌠..?
....~≈≈≈≈'...#...#...#~≈≈≈.....
....~≈≈#'###.#####†###'#≈~~....
....~~≈'...'.......'...'≈≈~....
....~≈≈'(..##'###'##..>'≈≈~....
....≈≈≈#'#'#≈≈≈≈≈≈≈#'#'#≈≈≈....
....~≈≈≈≈≈≈≈≈≈≈≈≈≈≈≈≈≈≈≈≈≈~....
...[~≈≈≈≈≈≈≈≈≈≈≈≈≈≈≈≈≈≈≈≈≈~....


There were no monsters in sight!

Vanquished Creatures
  A ball python (D:1)
1 creature vanquished.

Notes
Turn   | Place    | Note
-------+----------+-------------------------------------------
     0 | D:1      | bonegar the Naga Enchanter began the quest for the Orb.
     0 | D:1      | Reached XP level 1. HP: 15/15 MP: 3/3
   141 | D:$      | Got out of the dungeon alive.

Illustrated notes

Levels and vault maps discovered:
D:1:      dpeg_arrival_castle, layout_basic, serial_forest,
          infiniplex_forest_corner_2, infiniplex_forest_lined_2,
          infiniplex_forest_clump_large, infiniplex_forest_end_double,
          infiniplex_forest_end_2, infiniplex_forest_lined_corner

Action                   || total
-------------------------++-------
Melee: Dagger            ||     1
Armor: Robe              ||     1
Dodge: Dodged            ||     3
